 Dungeon Crawl Stone Soup version 0.21-a0-471-gd587bd5 (webtiles) character file.

70 kae the Ruffian (level 4, -3/36 HPs)
             Began as a Draconian Transmuter on Nov 21, 2017.
             Slain by an orc
             ... wielding a +0 whip
              (5 damage)
             ... on level 3 of the Dungeon.
             The game lasted 00:02:03 (2506 turns).

kae the Ruffian (Draconian Transmuter)              Turns: 2506, Time: 00:02:04

Health: -3/36      AC:  5    Str: 13    XL:     4   Next: 3%
Magic:  6/7        EV: 11    Int: 13    God:
Gold:   84         SH:  0    Dex: 12    Spells: 1/7 levels left

rFire    . . .     SeeInvis .   e - +0 hand axe
rCold    . . .     Gourm    .   (no shield)
rNeg     . . .     Faith    .   (armour unavailable)
rPois    .         Spirit   .   (helmet restricted)
rElec    .         Reflect  .   (no cloak)
rCorr    .         Harm     .   (no gloves)
MR       .....                  (no boots)
Stlth    +.........             (no amulet)
HPRegen  0.12/turn              (no ring)
MPRegen  0.10/turn              (no ring)

@: appendage (expiring), heavily drained
A: unfitting armour, horns 2, cold-blooded, AC +5
a: End Transformation


You were on level 3 of the Dungeon.
You were not hungry.
You had grown temporary horns.
You visited 1 branch of the dungeon, and saw 3 of its levels.

You collected 84 gold pieces.

Inventory:

Hand Weapons
 e - a +0 hand axe (weapon)
Missiles
 a - 51 arrows
Jewellery
 m - an uncursed amulet of harm
Scrolls
 g - a scroll of amnesia
 h - a scroll of magic mapping
 j - a scroll of fog
 o - 2 scrolls of identify
 p - 2 scrolls of fear
Potions
 f - a potion of heal wounds
 i - a potion of curing {unknown}
 k - a potion of brilliance {unknown}
 l - a potion of agility
Books
 b - a book of Changes

   Spells                             Type                      Level
   a - Beastly Appendage              Transmutation                1
   b - Sticks to Snakes               Transmutation                2
   c - Spider Form                    Transmutation/Poison         3
   d - Ice Form                       Ice/Transmutation            4
   e - Blade Hands                    Transmutation                5
Comestibles
 c - 3 bread rations
 d - a meat ration
 n - a chunk of flesh


   Skills:
 + Level 2.0(0.5) Fighting
 - Level 1.7(0.3) Dodging
 * Level 3.7(2.2) Unarmed Combat
 + Level 2.3(0.9) Spellcasting
 * Level 3.0(1.5) Transmutations


You had one spell level left.
You knew the following spells:

 Your Spells              Type           Power        Failure   Level  Hunger
a - Beastly Appendage     Tmut           #.....       16%         1    ##.....
b - Sticks to Snakes      Tmut           #.......     22%         2    ###....
c - Spider Form           Tmut/Pois      #.........   52%         3    ####...


Dungeon Overview and Level Annotations

Branches:
Dungeon (3/15)

Altars:
The Shining One

Annotations:
D:3 Tux's ghost, amateur GrEE


Innate Abilities, Weirdness & Mutations

Your plain brown scales are hard. (AC +5)
You cannot fit into any form of body armour.
You are cold-blooded and may be slowed by cold attacks.
You have a pair of horns on your head.


Message History

You hit the orc. Your headbutt misses the orc.
The orc is moderately wounded.
Your transformation is almost over.
The orc hits you but does no damage.
You hit the orc but do no damage. You headbutt the orc, but do no damage.
The orc is moderately wounded.
The orc hits you with a whip.
* * * LOW HITPOINT WARNING * * *
The orc closely misses you.
You hit the orc.
The orc is almost dead.
The orc closely misses you.
You closely miss the orc.
The orc is almost dead.
The orc hits you with a whip.
* * * LOW HITPOINT WARNING * * *
You barely miss the orc.
The orc is almost dead.
The orc hits you with a whip.
You die...

,,,,,,*#.# **,***** ,,,,,,*#.#
*,* ,,,,,,*#o#######***,*
,,,,,,*#.##.....,,,,*
,,,,,,*#.##.....*****
,***+**#.##$>...* ,***,*
#.##.....*
..*#.###<##.....############
#.##....o...?..o@..........#
*..#####W##.........######.#
*#.## #.###.##.....# #.# ##..#
#.# #.##.....# ###.###### ....##
#.# #.###########........#
.....# #w# #.# #...........#
.....# #g#
#.#**#####.##........#
...#.###.#
#.#*,............#####
...#..##.###.##+##......###.####


You could see an orc.

Vanquished Creatures
  An adder (D:2)
  An ooze (D:2)
  2 dart slugs
  A leopard gecko (D:2)
  6 bats
  4 giant cockroaches
  3 goblins
  8 hobgoblins
  5 jackals (D:1)
  6 kobolds
  5 frilled lizards
  7 rats
  A fungus (D:1)
50 creatures vanquished.

Notes
Turn   | Place    | Note
-------+----------+-------------------------------------------
     0 | D:1      | kae the Draconian Transmuter began the quest for the Orb.
     0 | D:1      | Reached XP level 1. HP: 16/16 MP: 3/3
   328 | D:1      | Reached XP level 2. HP: 23/23 MP: 5/5
   352 | D:1      | Learned a level 2 spell: Sticks to Snakes
  1016 | D:1      | Reached XP level 3. HP: 29/29 MP: 6/6
  1028 | D:1      | Learned a level 3 spell: Spider Form
  2107 | D:2      | Reached XP level 4. HP: 32/36 MP: 7/7
  2166 | D:2      | Found a glowing golden altar of the Shining One.
  2282 | D:3      | Noticed Tux's ghost (amateur GrEE)
  2506 | D:3      | Slain by an orc

Vault maps used:
D:1:      onia_arrival_mini_maze_b, serial_bayou_crossing
D:2:      tso_altar, first_bread

Skill      XL: |  1  2  3  4 |
---------------+-------------+-----
Fighting       | 2 |  2.0
Transmutations | 3 |  3.0
Dodging        | |  1.7
Unarmed Combat | |  3.7
Spellcasting   | |  2.3

Action                   |  1- 3 |  4- 6 || total
-------------------------+-------+-------++-------
Melee: Hand axe          |   192 |    24 ||   216
       Tailslap          |    24 |     2 ||    26
       Kick              |     1 |     1 ||     2
       Unarmed           |     1 |       ||     1
       Headbutt          |     2 |     1 ||     3
       Punch             |     1 |       ||     1
 Cast: Beastly Appendage |     4 |     2 ||     6
  Use: Scroll            |       |     7 ||     7
 Stab: Sleeping          |     1 |       ||     1
  Eat: Chunk             |     4 |     2 ||     6
Armor: Skin              |    70 |     4 ||    74
Dodge: Dodged            |   153 |    16 ||   169

Table legend:
 A = Spawn XP
 B = Non-spawn XP
 C = Spawn XP percentage of total XP
 D = Spawn monster count
 E = Non-spawn monster count
 F = Spawn count percentage of total count
 G = Total turns spent on level
                    A         B        C        D         E        F      G
               +---------+---------+-------+---------+---------+-------+---------
         Total |       0 |     100 |   0.0 |       0 |      49 |   0.0 |  2506
               +---------+---------+-------+---------+---------+-------+---------
           D:1 |       0 |      43 |   0.0 |       0 |      25 |   0.0 |  1133
           D:2 |       0 |      54 |   0.0 |       0 |      22 |   0.0 |  1232
           D:3 |       0 |       3 |   0.0 |       0 |       2 |   0.0 |   141
               +---------+---------+-------+---------+---------+-------+---------
